 Dungeon Sprint DCSS version 0.21.1-1-g345015f (webtiles) character file.

9135 wilfster70 the Bludgeoner (level 11, -1/108 HPs)
             Began as a Minotaur Monk on Apr 26, 2018.
             Was the Champion of Makhleb.
             Slain by a stone giant (15 damage)
             ... in the Dungeon (Sprint IX: "|||||||||||||||||||||||||||||").
             The game lasted 00:05:42 (1221 turns).

wilfster70 the Bludgeoner (Minotaur Monk)           Turns: 1221, Time: 00:05:43

Health: -1/108     AC: 26    Str: 19    XL:     11   Next: 19%
Magic:  15/15      EV: 16    Int: 10    God:    Makhleb [******]
Gold:   0          SH:  0    Dex: 13    Spells: 10/10 levels left

rFire    . . .     SeeInvis .   a - +4 morningstar (protect)
rCold    . . .     Gourm    .   (no shield)
rNeg     . . .     Faith    .   o - +1 chain mail
rPois    .         Spirit   .   (helmet restricted)
rElec    .         Reflect  .   w - +0 cloak
rCorr    .         Harm     .   n - +0 pair of gloves
MR       .....     NoTele   +   m - +1 pair of boots
Stlth    +.........             (no amulet)
HPRegen  0.28/turn              p - +3 ring of intelligence
MPRegen  0.14/turn              q - +2 ring of evasion

@: protection aura
A: retaliatory headbutt, horns 2
a: Minor Destruction, Lesser Servant of Makhleb, Major Destruction, Greater
Servant of Makhleb, Renounce Religion


You were in the Dungeon.
You worshipped Makhleb.
Makhleb was exalted by your worship.
You were not hungry.

You visited 1 branch

Inventory:

Hand Weapons
 a - a +4 morningstar of protection (weapon)
Missiles
 y - 7 silver javelins (quivered)
Armour
 m - a +1 pair of boots (worn)
 n - a +0 pair of gloves (worn)
 o - a +1 chain mail (worn)
 w - a +0 cloak (worn)
Jewellery
 p - a +3 ring of intelligence (left hand)
 q - a +2 ring of evasion (right hand)
Wands
 l - a wand of iceblast (10)
Scrolls
 i - 2 scrolls of blinking
 j - 3 scrolls of remove curse
 k - 2 scrolls of amnesia
 s - a scroll of fog
 t - 2 scrolls of fear
 u - a scroll of identify
Potions
 d - 6 potions of curing
 e - 7 potions of heal wounds
 f - 2 potions of haste
 g - 4 potions of magic
 h - a potion of invisibility
 r - a potion of ambrosia
 v - a potion of lignification
 x - a potion of brilliance {unknown}
Comestibles
 b - 4 chunks of flesh
 c - 11 rations


   Skills:
 + Level 13.9 Fighting
 - Level 16.2 Maces & Flails
 + Level 13.5 Armour
 + Level 12.7 Dodging
 + Level 10.6 Stealth
 * Level 7.0 Invocations


You had 10 spell levels left.
You didn't know any spells.

Dungeon Overview and Level Annotations

Branches:
Dungeon (1/1)

Altars:
Cheibriados
Dithmenos
Elyvilon
Fedhas
Gozag
Hepliaklqana
Kikubaaqudgha
Makhleb
Nemelex Xobeh
Okawaru
Qazlal
Ru
Sif Muna
Trog
Uskayaw
Vehumet
Wu Jian
Xom
Yredelemnul
Zin
The Shining One
Beogh
Jiyva
Lugonu


Innate Abilities, Weirdness & Mutations

You reflexively headbutt those who attack you in melee.
You have a pair of horns on your head.


Message History

* * * LOW HITPOINT WARNING * * *
The orc priest invokes the aid of Beogh against you.
Beogh smites you!
* * * LOW HITPOINT WARNING * * *
You feel much better.
The stone giant hits you but does no damage.
You puncture the stone giant!
The stone giant is severely wounded.
The stone giant hits you but does no damage.
You thump the stone giant!
The stone giant is almost dead.
You hit the stone giant but do no damage.
You headbutt the stone giant, but do no damage.
The stone giant is almost dead.
The stone giant hits you!!
* * * LOW HITPOINT WARNING * * *
You hit the stone giant but do no damage.
The stone giant is almost dead.
The stone giant hits you!
You die...

▓▓▓▓▓▓▓▓▓▓▓▓▓▓▓▓▓▓▓▓▓▓▓▓
...........'))))@Cooooo.
▓▓▓▓▓▓▓▓▓▓▓▓▓▓▓▓▓▓▓▓▓▓▓▓▓▓▓▓▓▓▓▓▓
..............).............)....
▓▓▓▓▓▓▓▓▓▓▓▓▓▓▓▓▓▓▓▓▓▓▓▓▓▓▓▓▓▓▓▓▓
.....'..!...)).....÷.........††..
▓▓▓▓▓▓▓▓▓▓▓▓▓▓▓▓▓▓▓▓▓▓▓▓▓▓▓▓▓▓▓▓▓
.................................
▓▓▓▓▓▓▓▓▓▓▓▓▓▓▓▓▓▓▓▓▓▓▓▓▓▓▓▓▓▓▓▓▓
..).....')....'__________________


You could see a stone giant, 3 orc priests, an orc wizard and an orc.

Vanquished Creatures
  Josephine (D)
  Erolcha (D)
  A centaur warrior (D)
  A death yak (D)
  Urug (D)
  An unseen horror (D)
  An ugly thing (D)
  3 spiny frogs (D)
  3 blink frogs (D)
  3 hippogriffs (D)
  A dream sheep (D)
  A shadow (D)
  3 wraiths (D)
  4 wargs (D)
  A soldier ant (D)
  2 hell hounds (D)
  2 water moccasins (D)
  An orc warrior (D)
  3 porcupines (D)
  An ogre (D)
  2 wolves (D)
  2 crocodiles (D)
  2 bullfrogs (D)
  A howler monkey (D)
  A crimson imp (D)
  A jelly (D)
  An orc priest (D)
  2 orc wizards (D)
  An adder skeleton (D)
  A leopard gecko (D)
  4 orcs (D)
  A bat zombie (D)
  A giant cockroach (D)
  A goblin (D)
  A hobgoblin (D)
  A kobold (D)
  A bat (D)
  2 leopard gecko skeletons (D)
61 creatures vanquished.

Notes
Turn   | Place    | Note
-------+----------+-------------------------------------------
     0 | D        | wilfster70 the Minotaur Monk began the quest for the Orb.
     0 | D        | Reached XP level 1. HP: 19/19 MP: 0/0
    12 | D        | Reached skill level 4 in Maces & Flails
    12 | D        | Reached skill level 1 in Armour
   236 | D        | Noticed a jelly
   239 | D        | Reached XP level 2. HP: 27/27 MP: 1/1
   244 | D        | Reached skill level 5 in Maces & Flails
   244 | D        | Reached XP level 3. HP: 35/35 MP: 2/2
   353 | D        | Found a roughly hewn altar of Beogh.
   353 | D        | Found a snail-covered altar of Cheibriados.
   353 | D        | Found a shadowy altar of Dithmenos.
   353 | D        | Found a white marble altar of Elyvilon.
   353 | D        | Found a blossoming altar of Fedhas.
   353 | D        | Found an opulent altar of Gozag.
   354 | D        | Found a hazy altar of Hepliaklqana.
   355 | D        | Found a viscous altar of Jiyva.
   356 | D        | Found an ancient bone altar of Kikubaaqudgha.
   357 | D        | Found a corrupted altar of Lugonu.
   358 | D        | Found a burning altar of Makhleb.
   359 | D        | Found a sparkling altar of Nemelex Xobeh.
   360 | D        | Found an iron altar of Okawaru.
   361 | D        | Found a stormy altar of Qazlal.
   362 | D        | Found a sacrificial altar of Ru.
   363 | D        | Found a deep blue altar of Sif Muna.
   364 | D        | Found a bloodstained altar of Trog.
   365 | D        | Found a hide-covered altar of Uskayaw.
   366 | D        | Became a worshipper of Makhleb the Destroyer
   366 | D        | Reached * piety under Makhleb
   366 | D        | Reached ** piety under Makhleb
   367 | D        | Found a radiant altar of Vehumet.
   368 | D        | Found an ornate altar of the Wu Jian Council.
   369 | D        | Found a shimmering altar of Xom.
   370 | D        | Found a basalt altar of Yredelemnul.
   371 | D        | Found a glowing silver altar of Zin.
   372 | D        | Found a glowing golden altar of the Shining One.
   433 | D        | Noticed an ogre
   433 | D        | Noticed a soldier ant
   433 | D        | Noticed a water moccasin
   436 | D        | Reached skill level 5 in Fighting
   436 | D        | Reached skill level 6 in Maces & Flails
   436 | D        | Reached XP level 4. HP: 42/42 MP: 3/3
   439 | D        | Killed an ogre
   439 | D        | Reached skill level 8 in Maces & Flails
   439 | D        | Reached skill level 5 in Armour
   439 | D        | Reached skill level 5 in Dodging
   439 | D        | Reached XP level 5. HP: 51/51 MP: 4/4
   443 | D        | Killed a soldier ant
   443 | D        | Reached skill level 9 in Maces & Flails
   443 | D        | Reached XP level 6. HP: 60/60 MP: 5/5
   452 | D        | Killed a water moccasin
   452 | D        | Reached *** piety under Makhleb
   452 | D        | Reached skill level 10 in Maces & Flails
   452 | D        | Reached skill level 5 in Stealth
   487 | D        | Noticed a centaur warrior
   487 | D        | Noticed a shadow
   487 | D        | Noticed a hippogriff
   487 | D        | Noticed a brown ugly thing
   500 | D        | Killed a centaur warrior
   500 | D        | Reached skill level 12 in Maces & Flails
   500 | D        | Reached XP level 7. HP: 56/70 MP: 6/6
   500 | D        | Reached XP level 8. HP: 62/78 MP: 7/7
   504 | D        | Reached **** piety under Makhleb
   510 | D        | Killed a hippogriff
   510 | D        | Reached skill level 13 in Maces & Flails
   521 | D        | Killed a brown ugly thing
   521 | D        | Reached skill level 10 in Fighting
   540 | D        | Killed an unseen horror
   540 | D        | Reached ***** piety under Makhleb
   540 | D        | Reached skill level 14 in Maces & Flails
   540 | D        | Reached skill level 10 in Armour
   540 | D        | Reached skill level 10 in Dodging
   540 | D        | Reached XP level 9. HP: 43/86 MP: 8/8
   832 | D        | Noticed a spiny frog
   842 | D        | Killed a spiny frog
   844 | D        | Reached skill level 15 in Maces & Flails
   880 | D        | Noticed a spiny frog
   880 | D        | Noticed a spiny frog
   880 | D        | Noticed a death yak
   884 | D        | Killed a spiny frog
   884 | D        | Reached ****** piety under Makhleb
   886 | D        | Killed a spiny frog
   886 | D        | Reached XP level 10. HP: 97/97 MP: 9/9
   895 | D        | Killed a death yak
   895 | D        | Reached skill level 16 in Maces & Flails
   934 | D        | Reached skill level 1 in Invocations
   956 | D        | Reached skill level 10 in Stealth
  1004 | D        | Noticed Josephine
  1023 | D        | Killed Josephine
  1023 | D        | Reached skill level 5 in Invocations
  1062 | D        | Noticed Erolcha
  1069 | D        | Killed Erolcha
  1069 | D        | Reached XP level 11. HP: 106/108 MP: 14/14
  1079 | D        | Noticed Urug
  1090 | D        | Killed Urug
  1199 | D        | Noticed a stone giant
  1221 | D        | Slain by a stone giant

Skill      XL: |  1  2  3  4  5  6  7  8  9 10 11 |
---------------+----------------------------------+-----
Fighting       | 4 5 6 7 9 10 12 13 | 13.9
Maces & Flails | 4 5 6 8 9 12 14 15 16 | 16.2
Armour         | 1 2 3 5 6 8 10 11 13 | 13.5
Stealth        | 2 3 4 6 8 9 10 | 10.6
Dodging        | 4 5 6 8 10 11 12 | 12.7
Invocations    | 6 7 |  7.0

Action                   |  1- 3 |  4- 6 |  7- 9 | 10-12 || total
-------------------------+-------+-------+-------+-------++-------
Melee: Mace              |    22 |       |       |       ||    22
       Headbutt          |     4 |     5 |    22 |    26 ||    57
       Morningstar       |     3 |    29 |    70 |   115 ||   217
Invok: Minor Destruction |       |       |       |     1 ||     1
  Use: Potion            |     1 |     1 |       |     1 ||     3
       Scroll            |       |       |     3 |       ||     3
  Eat: Chunk             |       |       |       |     1 ||     1
Armor: Robe              |     4 |       |       |       ||     4
       Chain mail        |     2 |    15 |    35 |    25 ||    77
Dodge: Dodged            |    14 |    13 |    38 |    40 ||   105
